 Dungeon Sprint DCSS version 0.14-a0-2542-g51e44bb (webtiles) character file.

505 Kae the Slicer (level 5, -7/24 HPs)
             Began as a Spriggan Enchanter on Feb 10, 2014.
             Mangled by a giant amoeba (22 damage)
             ... in the Dungeon (Sprint I: "Red Sonja").
             The game lasted 00:01:21 (776 turns).

Kae the Slicer (Spriggan Enchanter)                  Turns: 776, Time: 00:01:22

HP  -7/24        AC  3     Str  5      XL: 5   Next: 55%
MP  19/21        EV 23     Int 17      God:
Gold 297         SH  0     Dex 16      Spells:  3 memorised, 11 levels left

rFire  . . .     SeeInvis +     a - +1,+0 dagger
rCold  . . .     Clarity  .     b - +1 robe
rNeg   . . .     Conserve .     (shield restricted)
rPois  .         rCorr    .     (helmet restricted)
rElec  .         rRot     .     (no cloak)
SustAb . .       Spirit   .     (gloves unavailable)
rMut   .         Warding  .     (boots unavailable)
Saprov . . .     NoTele   +     (no amulet)
MR     .....                    (no ring)
                                (no ring)

@: very quick, not resistant to hostile enchantments, stealthy
A: unfitting armour, see invisible, herbivore 3, speed 3, slow metabolism 2
a: no special abilities


You were in the Dungeon.
You were not hungry.

You visited 1 branch You collected 297 gold pieces.

Inventory:

Hand weapons
 a - a +1,+0 dagger (weapon)
Missiles
 d - 12 darts (quivered)
Armour
 b - a +1 robe (worn)
Magical devices
 l - a wand of polymorph (1)
Scrolls
 k - a scroll of blinking
Potions
 e - a potion of porridge
 f - a potion of curing
 g - 2 potions of heal wounds
 h - a potion of speed
 i - 2 potions of magic
 j - a potion of berserk rage
Books
 c - a book of Maledictions

   Spells                             Type                      Level
   *Corona                            Hexes                        1
   Sure Blade                         Hexes/Charms                 2
   *Ensorcelled Hibernation           Hexes/Ice                    2
   *Confuse                           Hexes                        3
   Enslavement                        Hexes                        4
   Invisibility                       Hexes                        6


   Skills:
 * Level 8.0 Short Blades
 - Level 1.1 Throwing
 + Level 8.0 Dodging
 - Level 3.0 Stealth
 + Level 6.7 Spellcasting
 + Level 7.2 Hexes


You had 11 spell levels left.
You knew the following spells:

 Your Spells              Type           Power        Failure   Level  Hunger
a - Corona                Hex            ####...      1%          1    None
b - Ensorcelled Hibernat  Hex/Ice        ###...       4%          2    None
c - Confuse               Hex            ####....     1%          3    ##.....


Dungeon Overview and Level Annotations

Branches:
Dungeon (1/1)

Altars:
Elyvilon
Kikubaaqudgha
Makhleb
Okawaru
Xom


Innate Abilities, Weirdness & Mutations

You are tiny and cannot use many weapons and most armour.
You have supernaturally acute eyesight.
You are a herbivore.
You cover ground extremely quickly.
You need consume almost no food.


Message History

You close the door.
You start resting.
You start resting.
Magic restored.
You open the door.
There is an open door here.
You see here a giant club.
You start resting.
Casting: Ensorcelled Hibernation
Confirm with . or Enter, or press ? or * to list all spells.
Aiming: Ensorcelled Hibernation
Press: ? - help, Shift-Dir - straight line, f/p - giant amoeba
Aim: a giant amoeba (hasn't noticed you)
The giant amoeba looks drowsy...
The helpless giant amoeba fails to defend itself.
You perforate the giant amoeba like a sieve!!!
The giant amoeba is severely wounded.
The giant amoeba hits you!
Ouch! That really hurt!
You die...

################ ##
#<.#..').#..'..#__#
#..'..#.@J).#..'..+
#..#####'#####'#__#
#..# #..#...#[# ##
#..# ####..##(#§§§§
#..# ##'#..+≈≈§§
#⌠⌠# +..._#≈≈≈§c
#### #_.#+# +###
##+#


You could see a giant amoeba.

Vanquished Creatures
  An ogre (D)
  Sigmund (D)
  A jelly (D)
  Ijyb (D)
4 creatures vanquished.

Notes
Turn   | Place    | Note
--------------------------------------------------------------
     0 | D        | Kae, the Spriggan Enchanter, began the quest for the Orb.
     0 | D        | Reached XP level 1. HP: 9/9 MP: 4/4
     1 | D        | Noticed Ijyb
    22 | D        | Killed Ijyb
    22 | D        | Reached skill level 4 in Dodging
    22 | D        | Reached XP level 2. HP: 7/13 MP: 5/8
   162 | D        | Noticed an ogre
   170 | D        | Killed an ogre
   170 | D        | Reached skill level 6 in Short Blades
   170 | D        | Reached skill level 5 in Spellcasting
   170 | D        | Reached skill level 5 in Hexes
   170 | D        | Reached XP level 3. HP: 6/16 MP: 7/14
   170 | D        | Reached XP level 4. HP: 7/21 MP: 8/17
   374 | D        | Learned a level 2 spell: Ensorcelled Hibernation
   378 | D        | Learned a level 3 spell: Confuse
   385 | D        | Noticed Sigmund
   390 | D        | Killed Sigmund
   390 | D        | Reached skill level 7 in Short Blades
   390 | D        | Reached XP level 5. HP: 24/24 MP: 12/20
   447 | D        | Found an ancient bone altar of Kikubaaqudgha.
   448 | D        | Noticed a jelly
   449 | D        | Found a burning altar of Makhleb.
   458 | D        | Killed a jelly
   458 | D        | Reached skill level 8 in Short Blades
   626 | D        | Noticed a centaur warrior
   631 | D        | Found an ancient bone altar of Kikubaaqudgha.
   631 | D        | Found an iron altar of Okawaru.
   631 | D        | Found a shimmering altar of Xom.
   631 | D        | Found a white marble altar of Elyvilon.
   631 | D        | Noticed a giant amoeba
   776 | D        | Mangled by a giant amoeba

Action                   |  1- 3 |  4- 6 || total
-------------------------+-------+-------++-------
Melee: Unarmed           |    18 |       ||    18
       Dagger            |     5 |     6 ||    11
 Cast: Corona            |     2 |       ||     2
       Ensorcelled Hiber |       |    10 ||    10
       Confuse           |       |     4 ||     4
 Stab: Sleeping          |     1 |     4 ||     5
